 Dungeon Crawl Stone Soup version 0.23-a0-151-gf6d1ed2 (webtiles) character file.

1228 Gildeon the Conjurer (level 8, -1/43 HPs)
             Began as a Deep Elf Conjurer on Sept 7, 2018.
             Was an Initiate of Dithmenos.
             Killed by divine providence
             ... invoked by an orc priest
              (12 damage)
             ... on level 6 of the Dungeon.
             The game lasted 00:37:19 (5606 turns).

Gildeon the Conjurer (Deep Elf Conjurer)            Turns: 5606, Time: 00:37:20

Health: -1/43      AC:  6    Str:  5    XL:     8   Next: 23%
Magic:  1/17       EV: 15    Int: 23    God:    Dithmenos [......]
Gold:   238        SH:  0    Dex: 15    Spells: 3/17 levels left

rFire    . . .     SeeInvis .   a - +0 dagger
rCold    . . .     Gourm    .   (no shield)
rNeg     + . .     Faith    .   l - +2 robe {rN+}
rPois    .         Spirit   .   j - +1 helmet
rElec    .         Reflect  .   (no cloak)
rCorr    .         Harm     .   (no gloves)
MR       .....                  (no boots)
Stlth    +++.......             (no amulet)
HPRegen  0.14/turn              (no ring)
MPRegen  0.15/turn              (no ring)

@: very slightly contaminated
A: no striking features
a: Renounce Religion


You were on level 6 of the Dungeon.
You worshipped Dithmenos.
Dithmenos was noncommittal.
You were not hungry.

You visited 2 branches of the dungeon, and saw 7 of its levels.

You collected 238 gold pieces.

Inventory:

Hand Weapons
 a - a +0 dagger (weapon)
Armour
 j - a +1 helmet (worn)
 l - a +2 robe of positive energy (worn)
Wands
 i - a wand of paralysis (35)
 v - a wand of random effects (21)
Scrolls
 b - 2 scrolls of remove curse
 k - 2 scrolls of magic mapping {unknown}
 o - a scroll of enchant armour
 p - a scroll of immolation {unknown}
 q - a scroll of fog
 s - a scroll of blinking {unknown}
 u - a scroll of amnesia {unknown}
Potions
 d - a potion of haste
 e - a potion of magic
 f - 2 potions of heal wounds
 g - 3 potions of agility
 h - a potion of ambrosia
 m - 2 potions of degeneration {unknown}
 n - a potion of brilliance {unknown}
 r - a potion of curing {unknown}
Comestibles
 c - 10 rations
 t - 5 chunks of flesh


   Skills:
 - Level 1.0 Fighting
 - Level 2.3 Short Blades
 - Level 1.2 Armour
 - Level 5.0 Dodging
 - Level 5.0 Stealth
 - Level 5.1 Spellcasting
 + Level 7.6 Conjurations
 - Level 3.0 Hexes
 - Level 0.8 Invocations
 + Level 2.9 Evocations


You had 3 spell levels left.
You knew the following spells:

 Your Spells              Type           Power        Failure   Level  Hunger
a - Magic Dart            Conj           ####         1%          1    None
b - Searing Ray           Conj           #####.       1%          2    None
c - Dazzling Spray        Conj/Hex       ####..       3%          3    ##.....
d - Iskenderun's Mystic   Conj           #####...     4%          4    ####...
e - Fulminant Prism       Conj/Hex       ####......   11%         4    ####...

Your spell library contained the following spells:

 Spells                   Type           Power        Failure   Level  Hunger
 Confusing Touch          Hex            ###...       2%          1    None
 Confuse                  Hex            ###.....     9%          3    ##.....
 Summon Small Mammal      Summ           #...         10%         1    None
 Call Imp                 Summ           #.......     14%         2    None
 Summon Guardian Golem    Hex/Summ       ##......     16%         3    ##.....
 Call Canine Familiar     Summ           #.......     28%         3    ##.....
 Gell's Gravitas          Tloc           #.........   28%         3    ##.....
 Force Lance              Conj/Tloc      ###.....     19%         4    ####...
 Petrify                  Tmut/Erth      #.......     67%         4    ####...
 Summon Ice Beast         Ice/Summ       #.......     67%         4    ####...
 Summon Lightning Spire   Summ/Air       #.......     67%         4    ####...
 Metabolic Englaciation   Hex/Ice        ##........   80%         5    #####..
 Yara's Violent Unravell  Hex/Tmut       ##........   80%         5    #####..


Dungeon Overview and Level Annotations

Branches:
Dungeon (6/15)             Temple (1/1) D:6

Altars:
Cheibriados
Dithmenos
Elyvilon
Hepliaklqana
Kikubaaqudgha
Makhleb
Nemelex Xobeh
Okawaru
Qazlal
Ru
Sif Muna
Trog
Uskayaw
Vehumet
Wu Jian
Xom
Yredelemnul
Zin


Message History

The orc priest is moderately wounded.
The orc priest closely misses you.
Casting: Magic Dart (safe; 1% risk of failure)
Confirm with . or Enter, or press ? or * to list all spells.
Aiming: Magic Dart (safe; 1% risk of failure)
Press: ? - help, Shift-Dir - straight line, f/p - orc priest
Aim: an orc priest, wielding a falchion and wearing a scale mail (moderately The magic dart hits the orc priest.
The orc priest is heavily wounded.
The orc priest misses you.
Casting: Magic Dart (safe; 1% risk of failure)
Confirm with . or Enter, or press ? or * to list all spells.
Aiming: Magic Dart (safe; 1% risk of failure)
Press: ? - help, Shift-Dir - straight line, f/p - orc priest
Aim: an orc priest, wielding a falchion and wearing a scale mail (heavily The magic dart hits the orc priest.
The orc priest is almost dead.
The orc priest calls down the wrath of Beogh upon you.
Beogh smites you!
You die...

.............######
...##.##.#>.......#
#..##.##........#.#
#..##.####.#....#.#
...##.####.#.#.##.#
#+###..........##.#
######..#####.#
#..#####.# .
#....Zo@.#
o...####...######
#........#
#........##
..........## .
.......#.... .
.......##..##
......... ....
......... .....


You could see an orc priest and a hound skeleton.

Vanquished Creatures
  Sigmund (D:2)
  A sky beast (D:5)
  An orc warrior (D:6)
  3 ogres
  2 bullfrogs (D:6)
  A howler monkey (D:4)
  4 crimson imps
  2 hounds (D:4)
  Jessica (D:2)
  3 worker ants (D:6)
  Robin (D:4)
  9 adders
  An adder skeleton (D:4)
  A worm (D:3)
  2 dart slugs
  5 leopard geckos
  11 orcs
  3 bats
  6 giant cockroaches
  14 goblins
  10 hobgoblins
  2 jackals (D:6)
  3 quokkas
  3 ball pythons (D:3)
  5 frilled lizards
  6 kobolds
  8 rats
109 creatures vanquished.

Notes
Turn   | Place    | Note
-------+----------+-------------------------------------------
     0 | D:1      | Gildeon the Deep Elf Conjurer began the quest for the Orb.
     0 | D:1      | Reached XP level 1. HP: 10/10 MP: 6/6
   441 | D:1      | Reached XP level 2. HP: 15/15 MP: 6/8
   445 | D:1      | Learned a level 2 spell: Searing Ray
  1036 | D:2      | Noticed Jessica
  1045 | D:2      | Killed Jessica
  1045 | D:2      | Reached XP level 3. HP: 19/19 MP: 4/10
  1174 | D:2      | Learned a level 3 spell: Dazzling Spray
  1267 | D:2      | Noticed Sigmund
  1277 | D:2      | Killed Sigmund
  1277 | D:2      | Reached skill level 5 in Spellcasting
  1277 | D:2      | Reached skill level 5 in Conjurations
  1277 | D:2      | Reached XP level 4. HP: 17/24 MP: 1/13
  1277 | D:2      | Reached XP level 5. HP: 19/28 MP: 1/14
  1383 | D:2      | Learned a level 4 spell: Iskenderun's Mystic Blast
  1388 | D:2      | Learned a level 4 spell: Fulminant Prism
  1905 | D:3      | Found a hazy altar of Hepliaklqana.
  1927 | D:3      | Reached skill level 5 in Stealth
  2192 | D:3      | Reached XP level 6. HP: 32/32 MP: 11/15
  2567 | D:4      | Noticed Robin
  2592 | D:4      | Reached skill level 1 in Hexes
  2667 | D:4      | Found a white marble altar of Elyvilon.
  2702 | D:4      | Killed Robin
  2780 | D:4      | Reached skill level 6 in Conjurations
  2988 | D:4      | Reached skill level 1 in Short Blades
  3460 | D:4      | Reached XP level 7. HP: 37/37 MP: 8/16
  3574 | D:5      | Entered Level 5 of the Dungeon
  3657 | D:5      | Reached skill level 1 in Fighting
  4087 | D:5      | Reached skill level 1 in Armour
  4087 | D:5      | Reached skill level 5 in Dodging
  4437 | D:6      | Found a staircase to the Ecumenical Temple.
  4444 | Temple   | Entered the Ecumenical Temple
  4514 | Temple   | Became a worshipper of Dithmenos the Shadowed
  4714 | D:6      | Reached skill level 7 in Conjurations
  4925 | D:6      | Reached skill level 1 in Evocations
  5125 | D:6      | Found a shimmering altar of Xom.
  5147 | D:6      | Reached XP level 8. HP: 43/43 MP: 17/17
  5606 | D:6      | Killed from afar by an orc priest

Vault maps used:
D:1:      dpeg_arrival_round_a
D:2:      first_ration, uniq_sigmund, uniq_jessica
D:3:      lemuel_crystal_altar
D:4:      elyvilon_altar_5, grunt_decor_fettered,
          hangedman_abyss_or_decor_lesser_grid, uniq_robin
D:5:      minmay_strange_pillars
D:6:      xom_butterflies, temple_fountains, kennysheep_decorative_pillar
Temple:   regret_index_temple_generic_petals

Skill      XL: |  1  2  3  4  5  6  7  8 |
---------------+-------------------------+-----
Stealth        | 3 4 5 |  5.0
Spellcasting   | 4 5 |  5.1
Conjurations   | 5 6 7 |  7.6
Dodging        | 3 4 5 |  5.0
Hexes          | 2 3 |  3.0
Short Blades   | 1 2 |  2.3
Fighting       | 1 |  1.0
Armour         | 1 |  1.2
Evocations     | 2 |  2.9
Invocations    | |  0.8

Action                   |  1- 3 |  4- 6 |  7- 9 || total
-------------------------+-------+-------+-------++-------
Melee: Short sword       |     1 |       |       ||     1
       Dagger            |     1 |    52 |     8 ||    61
 Cast: Magic Dart        |    42 |   128 |    84 ||   254
       Searing Ray       |     3 |     1 |     3 ||     7
  Use: Scroll            |       |    11 |     2 ||    13
 Stab: Sleeping          |     2 |     5 |     6 ||    13
  Eat: Chunk             |     1 |     3 |     3 ||     7
       Ration            |       |     1 |     1 ||     2
Armor: Robe              |     1 |    18 |    13 ||    32
Dodge: Dodged            |     9 |    58 |    27 ||    94

Table legend:
 A = Non-vault XP
 B = Vault XP
 C = Vault XP percentage of total XP
 D = Non-vault monster count
 E = Vault monster count
 F = Vault count percentage of total count
                 A         B        C        D         E       F
            +---------+---------+-------+---------+---------+-------
      Total |    1475 |     280 |  16.0 |      94 |      15 |  13.8
            +---------+---------+-------+---------+---------+-------
        D:1 |      21 |       0 |   0.0 |      11 |       0 |   0.0
        D:2 |      55 |     242 |  81.5 |      18 |       2 |  10.0
        D:3 |      69 |       0 |   0.0 |      27 |       0 |   0.0
        D:4 |     406 |      38 |   8.6 |      13 |      13 |  50.0
        D:5 |     301 |       0 |   0.0 |       8 |       0 |   0.0
        D:6 |     623 |       0 |   0.0 |      17 |       0 |   0.0
            +---------+---------+-------+---------+---------+-------
